 Dungeon Crawl Stone Soup version 0.27.0-1-g7a089689b8 (webtiles) character file.

Game seed: 3862612325007942268

3542 trckry the Cudgeller (level 10, -14/101 (104) HPs)
             Began as an Ogre Warper on Aug 9, 2021.
             Was a Follower of Ru.
             Demolished by a red ugly thing (23 damage)
             ... on level 7 of the Dungeon.
             The game lasted 00:27:03 (12880 turns).

trckry the Cudgeller (Ogre Warper)                 Turns: 12880, Time: 00:27:04

HP:   -14/101 (104) AC:  4    Str: 19    XL:     10   Next: 8%
MP:   17/17         EV: 13    Int: 15    God:    Ru [*.....]
Gold: 408           SH:  0    Dex:  8    Spells: 17/19 levels left

rFire    . . .     SeeInvis .   b - +2 dagger (venom)
rCold    . . .     Faith    .   (no shield)
rNeg     . . .     Spirit   .   k - +0 robe
rPois    .         Reflect  .   (helmet restricted)
rElec    .         Harm     .   A - +0 cloak
rCorr    .         Rampage  .   (gloves unavailable)
Will     +....                  (boots unavailable)
Stlth    +.........             (no amulet)
HPRegen  0.26/turn              e - ring of wizardry
MPRegen  0.15/turn              p - +4 ring of evasion

@: lightly drained
A: large, unfitting armour, tough skin 1, hated by all
a: Renounce Religion


You were on level 7 of the Dungeon.
You worshipped Ru.
Ru was aware of your devotion.
You visited 2 branches of the dungeon, and saw 8 of its levels.

You collected 408 gold pieces.

Inventory:

Hand Weapons
 a - the +4 flail "Orb Guardian's Death" {vorpal, rPois}
   (You found it on level 6 of the Dungeon)

   It inflicts extra damage upon your enemies.
   rPois:     It protects you from poison.
 b - a +2 dagger of venom (weapon)
 q - a +0 giant spiked club
Missiles
 f - 42 poisoned darts (quivered)
 o - 7 atropa-tipped darts
 t - 4 boomerangs
Armour
 k - a +0 robe (worn)
 A - a +0 cloak (worn)
Jewellery
 e - a ring of wizardry (left hand)
 j - a ring of see invisible
 p - a +4 ring of evasion (right hand)
Wands
 r - a wand of iceblast (21)
 y - a wand of paralysis (10)
Scrolls
 c - a scroll of blinking
 d - a scroll of enchant weapon {unknown}
 g - 5 scrolls of identify {unknown}
 l - 4 scrolls of teleportation {unknown}
 m - a scroll of summoning {unknown}
 w - a scroll of vulnerability {unknown}
Potions
 h - a potion of magic {unknown}
 i - a potion of flight {unknown}
 n - a potion of cancellation {unknown}
 s - 5 potions of degeneration {unknown}
 u - 3 potions of curing {unknown}
 v - 3 potions of lignification {unknown}
 x - a potion of heal wounds {unknown}
 z - a potion of resistance {unknown}


   Skills:
 + Level 7.7 Fighting
 * Level 7.8 Maces & Flails
 + Level 5.7 Throwing
 - Level 2.1 Dodging
 - Level 5.0 Spellcasting
 * Level 7.0 Translocations


You had 17 spell levels left.
You knew the following spells:

 Your Spells              Type           Power      Damage    Failure   Level
a - Blink                 Tloc           N/A        N/A       1%          2

Your spell library contained the following spells:

 Spells                   Type           Power      Damage    Failure   Level
 Apportation              Tloc           48%        N/A       1%          1
 Gell's Gravitas          Tloc           12%        N/A       1%          3
 Lesser Beckoning         Tloc           12%        N/A       1%          3
 Teleport Other           Tloc           24%        N/A       1%          3
 Portal Projectile        Hex/Tloc       28%        N/A       4%          3
 Corona                   Hex            3%         N/A       6%          1
 Manifold Assault         Tloc           24%        N/A       11%         5
 Ozocubu's Armour         Ice            3%         N/A       19%         3
 Leda's Liquefaction      Hex/Erth       1%         N/A       52%         4
 Iskenderun's Battlesphe  Conj           3%         2d6       85%         5
 Silence                  Hex/Air        1%         N/A       85%         5
 Iron Shot                Conj/Erth      1%         9d1       100%        6
 Polar Vortex             Ice            1%         N/A       100%        9
 Animate Skeleton         Necr           Unusable   N/A       N/A         1
 Summon Small Mammal      Summ           Unusable   N/A       N/A         1
 Call Canine Familiar     Summ           Unusable   N/A       N/A         3
 Spellforged Servitor     Conj/Summ      Unusable   N/A       N/A         7

Dungeon Overview and Level Annotations

Branches:
Dungeon (7/15)             Temple (1/1) D:6

Altars:
Ashenzari
Cheibriados
Dithmenos
Elyvilon
Fedhas
Gozag
Hepliaklqana
Makhleb
Nemelex Xobeh
Okawaru
Qazlal
Ru
Sif Muna
Trog
Uskayaw
Vehumet
Wu Jian
Xom
Yredelemnul
Zin
The Shining One


Innate Abilities, Weirdness & Mutations

You are too large for most types of armour.
You have tough skin. (AC +1)
You are hated by all.


Message History

Press: ? - help, Q - select action, (/) - cycle Shift-Dir - straight line, f - red ugly thing
Aim: a red ugly thing (60% to hit)
You throw a poisoned dart.
The poisoned dart hits the red ugly thing!
The red ugly thing is poisoned.
Throw: 43 darts (poison)
Press: ? - help, Q - select action, (/) - cycle Shift-Dir - straight line, f/p - red ugly thing
Aim: a red ugly thing (very poisoned, 60% to hit)
You throw a poisoned dart.
The poisoned dart hits the red ugly thing!
The red ugly thing looks as sick as possible!
Aiming: Paralyse
Press: ? - help, Shift-Dir - straight line, f/p - red ugly thing
Aim: a red ugly thing (extremely poisoned, chance to affect: 28%)
The red ugly thing easily resists.
You hit the red ugly thing but do no damage.
The red ugly thing looks as sick as possible!
The red ugly thing is lightly wounded.
The red ugly thing misses you. The red ugly thing closely misses you.
Health restored: 101 You barely miss the red ugly thing.
The red ugly thing is moderately wounded.
The red ugly thing gores you!
You are engulfed in flames!!
You take 28 damage, and have 73/101 hp.
MASSIVE DAMAGE!!
You see here a +0 club.
You closely miss the red ugly thing.
The red ugly thing is moderately wounded.
The red ugly thing gores you!
You are engulfed in flames!
You take 26 damage, and have 48/101 hp.
MASSIVE DAMAGE!!
You hit the red ugly thing.
The red ugly thing looks as sick as possible!
The red ugly thing is heavily wounded.
The red ugly thing gores you!
You are engulfed in flames!
* * * LOW HITPOINT WARNING * * *
You take 25 damage, and have 23/101 hp.
MASSIVE DAMAGE!!
The red ugly thing gores you!
* * * LOW HITPOINT WARNING * * *
You are engulfed in flames!!
You die...

....### ###<##.#..#
#.## ....†.#
#.##.#..# #.#
....#.###
#.##....####.#
....#...###
#..........#.#
...#####..##
####.....#...#
...## ###.#
#.....#...##
..#..####.## ###
#...#####... ..
##.#..## ##.####
##.....#...##
.#..##.##.###.#u@.#
#(....<#..... #
#......##.#.##.#
#...##...###.
#...###r)#.###.#
#........# #.
#.#... ######
#.###..####..###.
##.### #....).#
#...... #.#
#####)## #.##)## #.
#.# #.# #.##)). .
#.###.## #.##### #
#.##...## #.#


You could see a red ugly thing (extremely poisoned).

Vanquished Creatures
  A boulder beetle (D:7)
  Grinder (D:6)
  A yak (D:7)
  Menkaure (D:6)
  2 orc warriors
  Duvessa (D:5)
  A hornet zombie (D:7)
  2 sky beasts
  A black bear (D:4)
  A necrophage (D:4)
  An ice beast (D:5)
  2 ogres
  A phantom (D:4)
  A kobold brigand (D:7)
  A bullfrog (D:7)
  Dowan (D:5)
  2 scorpions
  A howler monkey (D:5)
  A jelly (D:7)
  Crazy Yiuf (D:6)
  2 orc priests (D:7)
  3 bullfrog skeletons
  4 hounds
  Ijyb (D:5)
  7 iguanas
  4 orc wizards
  2 hell rats (D:7)
  2 hound skeletons (D:5)
  4 gnolls
  6 adders
  4 river rats (D:7)
  A shadow imp (D:5)
  A white imp (D:5)
  2 ufetubi
  6 worms
  2 dart slugs (D:1)
  19 orcs
  4 endoplasms
  2 giant cockroaches
  4 goblins
  12 hobgoblins
  7 jackals
  10 kobolds
  6 quokkas
  8 ball pythons
  8 bats
  3 frilled lizards
  14 rats
172 creatures vanquished.

Notes
Turn   | Place    | Note
-------+----------+-------------------------------------------
     0 | D:1      | trckry the Ogre Warper began the quest for the Orb.
     0 | D:1      | Reached XP level 1. HP: 22/22 MP: 3/3
   203 | D:1      | Reached XP level 2. HP: 28/29 MP: 5/5
   784 | D:1      | Reached XP level 3. HP: 36/36 MP: 6/6
  1211 | D:2      | HP: 5/36 [poisoned by a kobold]
  1214 | D:2      | HP: 2/36 [poisoned by a kobold]
  1955 | D:2      | Reached XP level 4. HP: 44/44 MP: 7/7
  3005 | D:3      | Reached XP level 5. HP: 47/53 MP: 9/9
  3013 | D:3      | Learned a level 2 spell: Blink
  3871 | D:4      | Noticed a black bear
  3910 | D:4      | Killed a black bear
  3911 | D:4      | Reached XP level 6. HP: 19/61 MP: 10/10
  4294 | D:4      | Got Sif Muna's Handbook of Glacial Malediction
  4634 | D:4      | Noticed a necrophage
  4672 | D:4      | Killed a necrophage
  4673 | D:4      | Reached XP level 7. HP: 54/70 MP: 12/12
  5324 | D:5      | Entered Level 5 of the Dungeon
  5325 | D:5      | Found a hazy altar of Hepliaklqana.
  5326 | D:5      | Found a shadowy altar of Dithmenos.
  5326 | D:5      | Found a stormy altar of Qazlal.
  5334 | D:5      | Found a shimmering blue altar of Sif Muna.
  5576 | D:5      | Noticed Ijyb
  5591 | D:5      | Killed Ijyb
  5896 | D:5      | Noticed Duvessa
  5896 | D:5      | Noticed Dowan
  5912 | D:5      | Killed Duvessa
  5913 | D:5      | Reached skill level 5 in Maces & Flails
  5928 | D:5      | Killed Dowan
  5929 | D:5      | Reached XP level 8. HP: 14/79 MP: 14/14
  6260 | D:5      | Reached skill level 5 in Fighting
  6664 | D:5      | HP: 11/80 [hound (4)]
  7544 | D:5      | Reached skill level 5 in Spellcasting
  7908 | D:6      | Noticed Grinder
  7911 | D:6      | Paralysed by Grinder for 3 turns
  7927 | D:6      | Killed Grinder
  7928 | D:6      | Reached skill level 5 in Translocations
  8405 | D:6      | Reached XP level 9. HP: 85/89 MP: 16/16
  8500 | D:6      | Found a staircase to the Ecumenical Temple.
  8525 | Temple   | Entered the Ecumenical Temple
  8712 | Temple   | Became a worshipper of Ru the Awakened
  9019 | D:6      | Found a runed translucent door.
  9020 | D:6      | Noticed Crazy Yiuf
  9095 | D:6      | Identified the +4 flail "Orb Guardian's Death" {vorpal,
                  | rPois}
  9126 | D:6      | Noticed Menkaure
  9139 | D:6      | HP: 7/89 [Menkaure/nerve-wracking pain (8)]
  9140 | D:6      | Killed Menkaure
  9238 | D:6      | HP: 12/91 [hound (2)]
  9975 | D:6      | Killed Crazy Yiuf
 11071 | D:7      | Noticed a boulder beetle
 11091 | D:7      | Killed a boulder beetle
 11092 | D:7      | Reached skill level 5 in Throwing
 12092 | D:7      | Reached XP level 10. HP: 55/102 MP: 17/17
 12413 | D:7      | HP: 14/100 [river rat (8)]
 12430 | D:7      | HP: 9/100 [iguana (9)]
 12485 | D:7      | Gained mutation: You are hated by all. [Ru sacrifice]
 12485 | D:7      | Reached * piety under Ru
 12850 | D:7      | Noticed a red ugly thing
 12880 | D:7      | HP: 9/101 [red ugly thing (15)]
 12880 | D:7      | Demolished by a red ugly thing

Illustrated notes

Levels and vault maps discovered:
D:1:      dpeg_arrival_castle, layout_basic
D:2:      layout_loops_cross, patterned_corridor
D:3:      layout_basic, st_stairs_9, hangedman_decor_growths, grunt_ministairs_8
D:4:      layout_rooms
D:5:      layout_rooms, chequers_temple_overflow_statue_of_worship,
          kennysheep_dice, uniq_duvessa, uniq_ijyb
D:6:      layout_basic, lemuel_temple_firewalk_a, uniq_grinder, uniq_menkaure,
          uniq_crazy_yiuf_cottage
D:7:      lemuel_ratsnest, layout_loops_ring
Temple:   minmay_crystal_spiral_temple

Skill      XL: |  1  2  3  4  5  6  7  8  9 10 |
---------------+-------------------------------+-----
Maces & Flails | 2 3 4 5 6 7 |  7.8
Translocations | 3 4 5 6 7 |  7.0
Fighting       | 3 4 6 7 |  7.7
Throwing       | 2 3 4 5 |  5.7
Spellcasting   | 3 4 5 |  5.0
Dodging        | |  2.1

Action                   |  1- 3 |  4- 6 |  7- 9 | 10-12 || total
-------------------------+-------+-------+-------+-------++-------
Melee: Flail             |   100 |    61 |   134 |       ||   295
       Mace              |     5 |       |       |       ||     5
       Dagger            |       |   109 |   272 |    96 ||   477
Throw: Dart              |     6 |     8 |    14 |     5 ||    33
       Boomerang         |     1 |     1 |     6 |       ||     8
       Throwing net      |       |     2 |     4 |       ||     6
Invok: Sacrifice Love    |       |       |       |     1 ||     1
Evoke: Wand              |       |       |       |     1 ||     1
 Stab: Sleeping          |       |     1 |       |       ||     1
       Held in net/web   |       |     1 |       |       ||     1
Armor: Robe              |    45 |    53 |    56 |    21 ||   175
Dodge: Dodged            |    60 |    71 |   225 |    39 ||   395
